 Dungeon Crawl Stone Soup version 0.27.1-1-g398f81649c (webtiles) character file.

Game seed: 10529434709619909122

5525 funkygono the Thaumaturge (level 10, 0/52 HPs)
             Began as a Gargoyle Fire Elementalist on Sept 15, 2021.
             Was an Elder of Vehumet.
             Slain by a death yak (22 damage)
             ... on level 8 of the Dungeon.
             The game lasted 00:28:58 (10776 turns).

funkygono the Thaumaturge (GrFE)                   Turns: 10776, Time: 00:28:59

Health: 0/52       AC: 15    Str: 12    XL:     10   Next: 70%
Magic:  37/41      EV: 12    Int: 19    God:    Vehumet [****..]
Gold:   1065       SH:  0    Dex: 10    Spells: 4/27 levels left

rFire    + . .     SeeInvis .   f - +1 whip (freeze)
rCold    x . .     Faith    .   (no shield)
rNeg     + . .     Spirit   .   z - +1 robe of Viwurhui {rCorr MP+9 Stlth- Archmagi}
rPois    ∞         Reflect  .   (no helmet)
rElec    +         Harm     .   D - +0 cloak
rCorr    +         Rampage  .   m - +1 pair of gloves
Will     .....     Archmagi +   c - +1 pair of boots {Stlth+}
Stlth    ++........             (no amulet)
HPRegen  0.17/turn              r - ring of magical power
MPRegen  0.27/turn              x - ring of fire

@: no status effects
A: sickness immunity, AC +7, negative energy resistance 1, electricity
resistance, torment resistance 1, petrification resistance
a: Renounce Religion


You were on level 8 of the Dungeon.
You worshipped Vehumet.
Vehumet was greatly pleased with you.
You visited 1 branch of the dungeon, and saw 8 of its levels.
You also visited: Sewer.

You collected 1905 gold pieces.
You spent 840 gold pieces at shops.

Inventory:

Hand Weapons
 d - a +1 whip of flaming
 f - a +1 whip of freezing (weapon)
 u - a +2 mace
 y - a +2 vorpal flail
 C - a +4 quarterstaff of chaos
Missiles
 b - 173 stones (quivered)
Armour
 a - a +0 robe
 c - a +1 pair of boots of stealth (worn)
 e - a scarf of invisibility
 m - a +1 pair of gloves (worn)
 z - the +1 robe of Viwurhui (worn) {rCorr MP+9 Stlth- Archmagi}
   (You found it on level 7 of the Dungeon)

   MP:        It affects your magic capacity (+9).
   rCorr:     It protects you from acid and corrosion.
   Archmagi:  It increases the power of your magical spells.
   Stlth:     It makes you less stealthy.
 D - a +0 cloak (worn)
Jewellery
 r - a ring of magical power (left hand)
 v - a ring of resist corrosion
 x - a ring of fire (right hand)
 A - an amulet of guardian spirit
Wands
 p - a wand of paralysis (8)
 B - a wand of flame (43)
 E - a wand of charming (6)
Scrolls
 q - 2 scrolls of blinking
 s - a scroll of magic mapping
 F - a scroll of amnesia {unknown}
Potions
 g - 4 potions of haste
 h - a potion of attraction
 i - a potion of heal wounds
 j - 5 potions of mutation
 k - 5 potions of cancellation
 l - 2 potions of resistance
 n - 3 potions of might
 o - 6 potions of curing
 t - a potion of flight {unknown}
 w - a potion of brilliance {unknown}


   Skills:
 + Level 1.2 Fighting
 + Level 1.9 Maces & Flails
 + Level 2.9 Dodging
 - Level 2.1 Stealth
 * Level 9.0 Spellcasting
 * Level 8.7 Conjurations
 * Level 8.2 Fire Magic
 * Level 4.8 Earth Magic


You had 4 spell levels left.
You knew the following spells:

 Your Spells              Type           Power      Damage    Failure   Level
a - Foxfire               Conj/Fire      100%       2x1d9     1%          1
b - Conjure Flame         Conj/Fire      75%        6-21      1%          3
c - Sticky Flame          Conj/Fire      75%        2d9       1%          4
d - Fireball              Conj/Fire      37%        3d15      1%          5
f - Sandblast             Erth           80%        2d17      1%          1
h - Stone Arrow           Conj/Erth      100%       3d13      1%          3
i - Searing Ray           Conj           100%       3d7       1%          2
j - Airstrike             Air            6%         N/A       21%         4

Your spell library contained the following spells:

 Spells                   Type           Power      Damage    Failure   Level
 Freezing Cloud           Conj/Ice/Air   14%        6-21      17%         5
 Static Discharge         Conj/Air       37%        N/A       1%          2
 Inner Flame              Hex/Fire       53%        N/A       1%          3
 Corona                   Hex            13%        N/A       9%          1
 Ensorcelled Hibernation  Hex/Ice        24%        N/A       12%         2
 Slow                     Hex            12%        N/A       12%         2
 Confusing Touch          Hex            12%        N/A       24%         3
 Tukima's Dance           Hex            12%        N/A       24%         3
 Dispel Undead            Necr           12%        3d9       63%         4
 Bolt of Magma            Conj/Fire/Erth 34%        4d15      3%          5
 Alistair's Intoxication  Tmut/Pois      8%         N/A       92%         5
 Shatter                  Erth           20%        3d18*     100%        9


Dungeon Overview and Level Annotations

Branches:
Dungeon (8/15)             Temple (0/1) D:5           Sewer (visited)
   Lair: D:8-11

Altars:
Ashenzari
Vehumet
Yredelemnul

Shops:
D:3 *[!*   D:4 :


Innate Abilities, Weirdness & Mutations

You are immune to sickness and miasma.
Your stone body is resilient. (AC +7)
You are immune to poison.
You resist negative energy. (rN+)
You are resistant to electric shocks. (rElec)
You are resistant to unholy torment.
You are immune to petrification.


Message History

A death yak comes into view.
You hear a shout! x2
The searing ray hits the death yak!
The death yak is severely wounded.
The searing ray hits the yak!
You kill the yak!
Vehumet accepts your kill.
You feel your power returning.
The searing ray hits the death yak.
The death yak is lightly wounded.
The searing ray hits the yak!
The yak is moderately wounded.
The death yak completely misses you.
Your Spellcasting skill increases to level 9!
The searing ray hits the death yak.
The death yak is severely wounded.
The searing ray hits the death yak.
The death yak is moderately wounded.
The searing ray hits the yak!
The yak is heavily wounded.
The searing ray hits the death yak!
The death yak is lightly wounded.
The death yak gores you!!
* * * LOW HITPOINT WARNING * * *
You feel much better. The death yak barely misses you.
Casting: Searing Ray (safe; 1% risk of failure)
Confirm with . or Enter, or press ? or * to list all spells.
Aiming: Sticky Flame (dangerous; 1% risk of failure)
Press: ? - help, Shift-Dir - straight line, f/p - death yak
Aim: a death yak (severely wounded, 100% to hit)
You feel a strong surge of power!
The sticky flame hits the death yak.
The death yak is severely wounded.
The death yak is covered in liquid flames!
The death yak burns!
The death yak gores you!!
* * * LOW HITPOINT WARNING * * *
The death yak burns!
The death yak burns!
The death yak burns!
The death yak stops burning.
The death yak gores you but does no damage.
You feel much better. The death yak gores you!!
You die...

#..........###..#.#
#.[...)....###)..##
#..........#..†..###
#..........#.....'≈#
#..........##....### #####
#..........######## #.... #
#.................# ##.#><
.#######.................# #.....
.†.†.......YY.YY@........###..###
.#######.................#...#8..
§ #.................#...#..) .
#.................#...#... .
#.............)...#...+.#. .
#..............)..##..##.# .
#.[..........#####....#... .
#...........##.≈≈##...#...
#...........#...≈≈#...#8..


You could see 3 death yaks and a yak.

Vanquished Creatures
  Pikel (D:3)
  Maurice (D:8)
  Joseph (D:7)
  A troll (D:6)
  2 wyverns
  2 yaks (D:8)
  2 steam dragons (D:8)
  Eustachio (D:4)
  A water moccasin (D:8)
  2 sky beasts
  An orc warrior (D:8)
  A hornet zombie (D:7)
  A centaur (D:8)
  2 necrophages
  An ogre (D:5)
  A lemure (D:3)
  2 phantoms
  3 kobold brigands (Sewer)
  4 bullfrogs
  3 scorpions
  A wyvern zombie (D:8)
  A water moccasin zombie (D:5)
  A water moccasin skeleton (D:5)
  9 killer bees
  A howler monkey (D:7)
  4 wights (D:8)
  2 bullfrog zombies
  A centaur zombie (D:7)
  A jelly (D:5)
  2 hounds
  6 orc priests
  Crazy Yiuf (D:7)
  A gnoll shaman (D:5)
  2 centaur skeletons
  Jessica (D:2)
  3 orc wizards
  An iguana (D:4)
  A hound zombie (D:5)
  A howler monkey skeleton (D:6)
  2 adders
  7 gnolls
  6 river rats (Sewer)
  2 white imps (D:6)
  2 dart slugs
  28 orcs
  2 bats (D:1)
  7 endoplasms
  5 giant cockroaches
  4 goblins
  3 hobgoblins
  22 kobolds
  6 quokkas
  7 ball pythons
  9 frilled lizards
  22 rats
  A bush (D:1)
208 creatures vanquished.

Vanquished Creatures (collateral kills)
  3 foxfires
3 creatures vanquished.

Vanquished Creatures (others)
  660 foxfires
  4 fungi (D:7)
  14 plants (D:1)
678 creatures vanquished.

Grand Total: 889 creatures vanquished

Notes
Turn   | Place    | Note
-------+----------+-------------------------------------------
     0 | D:1      | funkygono the Gargoyle Fire Elementalist began the quest
                  | for the Orb.
     0 | D:1      | Reached XP level 1. HP: 10/10 MP: 3/3
   262 | D:1      | Reached XP level 2. HP: 15/15 MP: 1/5
   888 | D:1      | Reached XP level 3. HP: 14/19 MP: 0/6
   980 | D:1      | Found a faded altar of an unknown god.
  1401 | D:1      | Learned a level 3 spell: Conjure Flame
  1656 | D:2      | Noticed Jessica
  1661 | D:2      | Killed Jessica
  1662 | D:2      | Reached XP level 4. HP: 24/24 MP: 2/8
  2086 | D:2      | Learned a level 4 spell: Sticky Flame
  2141 | D:3      | Found Pephott's General Store.
  2149 | D:3      | Found Wietraet's Distillery.
  2419 | D:3      | Found a radiant altar of Vehumet.
  2470 | D:3      | Became a worshipper of Vehumet
  2522 | D:3      | Found a glowing drain.
  2593 | Sewer    | Entered a sewer
  2678 | Sewer    | Reached skill level 3 in Spellcasting
  2678 | Sewer    | Reached XP level 5. HP: 28/28 MP: 1/9
  2792 | Sewer    | Noticed a kobold brigand
  2802 | Sewer    | Killed a kobold brigand
  3039 | Sewer    | Reached * piety under Vehumet
  3039 | Sewer    | Offered knowledge of Sandblast by Vehumet.
  3043 | Sewer    | Learned a level 1 spell: Sandblast
  3154 | Sewer    | Reached XP level 6. HP: 32/32 MP: 4/11
  3310 | Sewer    | Reached skill level 4 in Spellcasting
  3697 | Sewer    | Identified a scroll of acquirement
  3697 | Sewer    | Acquired 1143 gold pieces
  3772 | D:3      | You fall into a shaft and drop 1 floor!
  4061 | D:3      | Reached skill level 5 in Fire Magic
  4061 | D:3      | Reached XP level 7. HP: 36/36 MP: 8/13
  4149 | D:3      | Found Wenkac's General Store.
  4156 | D:3      | Learned a level 5 spell: Fireball
  4166 | D:3      | Found Wemuerafy's Armour Shop.
  4336 | D:3      | Reached ** piety under Vehumet
  4778 | D:3      | Acquired 413 gold pieces
  4805 | D:3      | Bought a book of the Earth for 560 gold pieces
  4810 | D:3      | Bought a +1 pair of boots of stealth for 165 gold pieces
  4817 | D:3      | Bought a +1 pair of gloves for 115 gold pieces
  4855 | D:4      | Noticed Pikel
  4883 | D:3      | Killed Pikel
  4883 | D:3      | Offered knowledge of Poisonous Vapours by Vehumet.
  4884 | D:3      | Reached skill level 1 in Maces & Flails
  4884 | D:3      | Reached skill level 5 in Spellcasting
  4884 | D:3      | Reached XP level 8. HP: 31/42 MP: 7/16
  4967 | D:3      | Learned a level 3 spell: Stone Arrow
  4989 | D:4      | Reached skill level 5 in Conjurations
  5044 | D:4      | Found a broken altar of Ashenzari.
  5249 | D:4      | Found Dalyklog's Book Boutique.
  5420 | D:4      | Reached skill level 1 in Earth Magic
  5740 | D:4      | Noticed Eustachio
  5749 | D:4      | Killed Eustachio
  5895 | D:5      | Entered Level 5 of the Dungeon
  6114 | D:5      | Reached skill level 6 in Spellcasting
  6332 | D:5      | Reached XP level 9. HP: 15/46 MP: 12/18
  6555 | D:5      | Offered knowledge of Searing Ray by Vehumet.
  7093 | D:5      | Found a staircase to the Ecumenical Temple.
  7230 | D:5      | Learned a level 2 spell: Searing Ray
  7329 | D:6      | Reached *** piety under Vehumet
  7428 | D:6      | Reached skill level 7 in Spellcasting
  7537 | D:6      | Noticed a troll
  7558 | D:6      | Killed a troll
  7559 | D:6      | Reached skill level 1 in Fighting
  7822 | D:6      | Noticed a boulder beetle
  8340 | D:6      | Found a basalt altar of Yredelemnul.
  8666 | D:7      | Offered knowledge of Airstrike by Vehumet.
  8754 | D:7      | Got the Incunabulum of Ensnaring Poison
  8852 | D:7      | Reached XP level 10. HP: 51/52 MP: 21/21
  8861 | D:7      | Identified the +1 robe of Viwurhui {rCorr MP+9 Stlth-
                  | Archmagi}
  8864 | D:7      | Reached skill level 8 in Spellcasting
  9584 | D:7      | Noticed Joseph
  9600 | D:7      | Killed Joseph
  9723 | D:7      | Found a runed translucent door.
  9724 | D:7      | Noticed Crazy Yiuf
  9897 | D:7      | Killed Crazy Yiuf
  9992 | D:7      | Learned a level 4 spell: Airstrike
 10105 | D:8      | Reached **** piety under Vehumet
 10516 | D:8      | Noticed Maurice
 10528 | D:8      | Killed Maurice
 10656 | D:8      | Offered knowledge of Freezing Cloud by Vehumet.
 10739 | D:8      | Noticed a death yak
 10758 | D:8      | Noticed a death yak
 10760 | D:8      | Noticed a death yak
 10762 | D:8      | Reached skill level 9 in Spellcasting
 10776 | D:8      | Slain by a death yak

Illustrated notes

Levels and vault maps discovered:
D:1:      evilmike_arrival_plus, layout_basic,
          hellmonk_ecumenical_altar_lost_god, st_stairs_12,
          lexackson_kobold_supper
D:2:      layout_basic, uniq_jessica
D:3:      layout_loops_corners, mainiacjoe_overflow_concentric_impassable,
          gup_sewer_entry_pipe, serial_shops, nicolae_shop_waterfront,
          nicolae_shop_stone, shop, nicolae_shop_statue_plus,
          chequers_serial_rivers_large_a, minmay_checkerbox
D:4:      layout_loops_ring, mainiacjoe_overflow_boulevard, serial_shops,
          kennysheep_little_box, minivault_11, uniq_pikel, uniq_eustachio
D:5:      layout_loops_ring, minmay_temple_entry_enclosed_plants,
          amethyst_killhole, minmay_misc_feat_doors
D:6:      layout_loops_ring, mainiacjoe_overflow_brackets
D:7:      layout_basic, uniq_crazy_yiuf_cottage, uniq_joseph
D:8:      cheibrodos_steamvent, layout_gridville, lemuel_coloured_pillars_altar,
          zin_statuary, dpeg_lair_monsters, minmay_misc_feat_secret_circle,
          minivault_1, lightli_orcish_oven, uniq_maurice

Skill      XL: |  1  2  3  4  5  6  7  8  9 10 |
---------------+-------------------------------+-----
Conjurations   | 2 3 4 5 7 8 |  8.7
Fire Magic     | 4 5 6 7 8 |  8.2
Spellcasting   | 3 4 5 6 7 9 |  9.0
Dodging        | 2 |  2.9
Maces & Flails | 1 |  1.9
Earth Magic    | 2 4 |  4.8
Fighting       | 1 |  1.2
Stealth        | |  2.1

Action                   |  1- 3 |  4- 6 |  7- 9 | 10-12 || total
-------------------------+-------+-------+-------+-------++-------
Melee: Club              |     7 |       |       |       ||     7
       Whip              |   199 |    21 |    32 |    23 ||   275
Throw: Stone             |       |       |     1 |       ||     1
 Cast: Foxfire           |    46 |   127 |   143 |    77 ||   393
       Sticky Flame      |       |       |    15 |     7 ||    22
       Sandblast         |       |       |    12 |       ||    12
       Stone Arrow       |       |       |    14 |    17 ||    31
       Searing Ray       |       |       |     7 |     9 ||    16
       Conjure Flame     |       |       |       |     3 ||     3
       Fireball          |       |       |       |     2 ||     2
  Use: Scroll            |     1 |    11 |     7 |       ||    19
       Potion            |       |       |       |     2 ||     2
 Stab: Sleeping          |       |       |     1 |       ||     1
Armor: Robe              |     9 |    13 |    46 |    12 ||    80
Dodge: Dodged            |     6 |    30 |    65 |    26 ||   127
